 Dungeon Crawl Stone Soup version 0.31-a0-1612-g4aaf141004 (webtiles) character file.

Game seed: 14199914611233612484

44 Newt the Trooper (level 3, 0/30 HPs)
             Began as a Demonspawn Gladiator on Jan 9, 2024.
             Slain by an orc
             ... wielding a +0 flail
              (6 damage)
             ... on level 2 of the Dungeon.
             The game lasted 00:01:06 (1505 turns).

Newt the Trooper (Demonspawn Gladiator)             Turns: 1505, Time: 00:01:07

Health: 0/30       AC:  4    Str: 16    XL:     3   Next: 41%
Magic:  3/3        EV: 12    Int:  8    God:
Gold:   51         SH:  0    Dex: 14    Spells: 2/2 levels left

rFire   . . .        a - +0 rapier
rCold   . . .        (no shield)
rNeg    . . .        b - +0 leather armour
rPois   .            c - +0 helmet
rElec   .            (no cloak)
rCorr   .            (no gloves)
SInv    .            (no boots)
Will    .....        (no amulet)
Stlth   +            (no ring)
HPRegen 0.25/turn    (no ring)
MPRegen 0.08/turn

%: no passive effects
@: no status effects
A: demonic touch 1
a: no special abilities


You were on level 2 of the Dungeon.
You visited 1 branch of the dungeon, and saw 3 of its levels.

You collected 51 gold pieces.

Inventory:

Hand Weapons
 a - a +0 rapier (weapon)
Missiles
 d - 3 throwing nets (quivered)
 e - a javelin
 j - 2 poisoned darts
Armour
 b - a +0 leather armour (worn)
 c - a +0 helmet (worn)
Scrolls
 g - a scroll of teleportation
 i - a scroll of poison {unknown}
Potions
 f - a potion of curing {unknown}
 h - a potion of berserk rage {unknown}
 k - 2 potions of heal wounds {unknown}


   Skills:
 + Level 3.9 Fighting
 - Level 2.6 Short Blades
 - Level 1.7 Throwing
 - Level 2.6 Dodging


You had 2 spell levels left.
You didn't know any spells.
Your spell library was empty.

Dungeon Overview and Level Annotations

Branches:
Dungeon (3/15)

Altars:

Shops:
D:1 (   D:2 (


Innate Abilities, Weirdness & Mutations

Your touch may inflict minor irresistible damage on your foes.


Message History

a +0 dagger; a goblin corpse Done exploring.
Done exploring.
No target in view!
Done exploring.
Search for what [Enter for "."]? .
You see here a +0 dagger.
You see here a ball python skeleton.
There is a stone staircase leading down here.
You climb downwards.
The orc shouts! x2; You hear a shout!
The rat squeaks loudly.
The orc shouts!
Found a stone staircase leading up.
There is a stone staircase leading up here.
There are monsters nearby!
Okay, then.
You hit the orc. Your touch misses the orc.
The orc is lightly wounded.
The orc hits you with a +0 whip.
An orc comes into view. It is wielding a +0 club.
You puncture the orc!
You kill the orc!
The orc hits you but does no damage. The rat bites you.
The orc closely misses you. x2
The orc hits you with a +1 whip of freezing.
The orc freezes you. The rat bites you but does no damage.
You climb upwards.
There is a stone staircase leading down here.
Unknown command.
You hit the orc but do no damage. Your touch misses the orc.
The orc closely misses you. The orc hits you but does no damage.
The orc hits you with a +0 flail. The rat misses you.
You hit the orc but do no damage. The orc barely misses you.
The orc hits you with a +1 whip of freezing.
The orc freezes you. The orc hits you with a +0 flail! The rat bites you.
* * * LOW HITPOINT WARNING * * *
Unknown command.
You closely miss the orc. The orc hits you with a +0 dagger.
* * * LOW HITPOINT WARNING * * *
The orc hits you but does no damage. The orc hits you with a +0 flail.
You die...

..#...#####.....# #....#########
#.#..<..#.##....# #.##.#........
#.#.....#..##...# #.#...........
#.#.........##..# #.#..#.......[
#.#..........##.# #.#.....######
..#.....#.....### ##.##..#...#
###.....#......####......#.#.####
<########......#ro...##..#.#.##..
.# #####.......@o...##..#.#.##.#
.# #..........o####.##..#.#.##.#
.# #.###.......####.##..#.#....#
.# #.............##.##..#.######
.# #############.##.##.)#.# .#
#.##.....#.## .# #.#####.....##
.# ##.....+......# .#
#.....##......#


You could see 3 orcs and a rat.

Vanquished Creatures
  An adder (D:2)
  A gnoll (D:1)
  An orc (D:3)
  4 ball pythons
  2 bats
  2 endoplasms
  3 goblins
  A hobgoblin (D:1)
  4 jackals (D:2)
  A kobold (D:1)
  A quokka (D:1)
  A frilled lizard (D:2)
22 creatures vanquished.

Notes
Turn   | Place    | Note
-------+----------+-------------------------------------------
     0 | D:1      | Newt the Demonspawn Gladiator began the quest for the Orb.
     0 | D:1      | Reached XP level 1. HP: 16/16 MP: 1/1
   385 | D:1      | Reached skill level 3 in Fighting
   385 | D:1      | Gained mutation: Your touch may inflict minor irresistible
                  | damage on your foes. [demonic ancestry]
   385 | D:1      | Reached XP level 2. HP: 20/24 MP: 2/2
   419 | D:1      | Found Zutas's Antique Weapon Shop.
   755 | D:1      | Found a faded altar of an unknown god.
   953 | D:2      | Reached XP level 3. HP: 27/29 MP: 3/3
  1376 | D:2      | Found Viupit's Weapon Boutique.
  1505 | D:2      | Slain by an orc

Illustrated notes

Levels and vault maps discovered:
D:1:      roderic_chinese_lattice_arrival, layout_loops_corners,
          shapermc_ecumenical_altar_petra, serial_shops,
          nicolae_shop_back_alley_shop
D:2:      layout_basic, serial_shops, shop, nrook_mini_backslash
D:3:      layout_loops_cross, elyvilon_altar_4

Skill      XL: |  1 |
---------------+----+-----
Fighting       | 3 |  3.9
Short Blades   | |  2.6
Throwing       | |  1.7
Dodging        | |  2.6

Action                     || total
---------------------------++-------
  Melee: Rapier            ||    73
         Touch             ||    11
    Use: Scroll            ||     1
 Armour: Leather armour    ||    47
  Dodge: Dodged            ||    57

Table legend: (Time is in decaauts)
 A = Elapsed time spent in this place.
 B = Non-inter-level travel time spent in this place.
 C = Inter-level travel time spent in this place.
 D = Time resting spent in this place.
 E = Time spent auto-exploring this place.
 F = Levels seen in this place.
 G = Mean time per level.
                   A        B        C        D        E       F      G
               +--------+--------+--------+--------+--------+-----+--------+
         Total |   1509 |   1419 |     90 |      0 |   1246 |   3 |  503.0 |
       Dungeon |   1509 |   1419 |     90 |      0 |   1246 |   3 |  503.0 |
               +--------+--------+--------+--------+--------+-----+--------+

Top non-repeatable levels by time:
     D:1: 898 daAuts
     D:2: 605 daAuts
     D:3: 6 daAuts
